 Dungeon Sprint DCSS version 0.31-a0-841-g038b102fc3 (webtiles) character file.

Game seed: 17265720898583693964

342 sircluck the Grappler (level 6, -1/71 HPs)
             Began as a Troll Berserker on Sept 27, 2023.
             Was a Follower of Trog.
             Slain by an iguana (3 damage)
             ... in the Dungeon (Sprint VII: "The Pits").
             The game lasted 00:00:23 (89 turns).

sircluck the Grappler (Troll Berserker)               Turns: 89, Time: 00:00:24

Health: -1/71      AC:  4    Str: 28    XL:     6   Next: 30%
Magic:  5/5        EV: 11    Int:  3    God:    Trog [*.....]
Gold:   0          SH:  0    Dex:  9    Spells: 5/5 levels left

rFire   . .          .
                       - Unarmed
rCold   . . .        (no shield)
rNeg    . . .        a - +0 animal skin
rPois   .            (helmet restricted)
rElec   .            (no cloak)
rCorr   .            (gloves unavailable)
SInv    .            (boots unavailable)
Will    .....        (no amulet)
Stlth   +            (no ring)
HPRegen 1.11/turn    (no ring)
MPRegen 0.09/turn

%: no teleportation
@: no status effects
A: large, unfitting armour, claws 3, regeneration 1, shaggy fur 1, tough skin 1
a: Renounce Religion, Berserk


You were in the Dungeon.
You worshipped Trog.
Trog was aware of your devotion.
You visited 1 branch

Inventory:

Armour
 a - a +0 animal skin (worn)
Scrolls
 g - a scroll of blinking
Potions
 b - a potion of curing
 c - a potion of heal wounds
 d - a potion of haste
 e - 2 potions of magic
 f - a potion of berserk rage


   Skills:
 + Level 7.0 Fighting
 + Level 6.9 Dodging
 + Level 8.3 Unarmed Combat


You had 5 spell levels left.
You didn't know any spells.
Your spell library was empty.

Dungeon Overview and Level Annotations

Branches:
Dungeon (1/1)

Altars:


Innate Abilities, Weirdness & Mutations

You are too large for most types of armour.
You have claws for hands.
Your natural rate of healing is unusually fast.
You are covered in fur. (AC +1)
You have tough skin. (AC +1)


Message History

A bat zombie comes into view.
The bat zombie barely misses you.
You barely miss the bat zombie. The bat zombie hits you.
The bat zombie misses you.
You scratch the bat zombie.
The bat zombie is lightly damaged.
The bat zombie closely misses you.
The bat zombie hits you but does no damage.
The bat zombie misses you.
You scratch the bat zombie.
The bat zombie is moderately damaged.
The bat zombie hits you but does no damage.
The bat zombie barely misses you. The deep troll bites you.
The deep troll claws you! The deep troll closely misses you.
You closely miss the bat zombie.
The bat zombie is moderately damaged.
The bat zombie hits you but does no damage.
The bat zombie closely misses you. The deep troll closely misses you.
The deep troll claws you! The deep troll barely misses you.
You mangle the deep troll!! You claw the deep troll!
The deep troll is severely wounded.
The bat zombie barely misses you. The bat zombie closely misses you.
The iguana bites you but does no damage.
You closely miss the deep troll.
The deep troll is severely wounded.
The bat zombie hits you. The bat zombie closely misses you.
The deep troll barely misses you. The deep troll claws you! x2
* * * LOW HITPOINT WARNING * * *
The bat zombie misses you.
The iguana bites you but does no damage.
You claw the deep troll!
The deep troll is almost dead.
The bat zombie hits you but does no damage.
The bat zombie hits you.
* * * LOW HITPOINT WARNING * * *
The deep troll closely misses you. The deep troll claws you!
* * * LOW HITPOINT WARNING * * *
The deep troll claws you but does no damage.
The iguana bites you.
You die...

##########++######
#................# +
#......#..#......#
####.##................+
......Z................+
#@T....#..#......#
#.l..............#
####'#####''######
#.......##)'#####
#.......##T.....#
#.......##....###
#...<...##l..##
#.......##..##
#.......##..#


You could see a deep troll, an iguana and a bat zombie.

Vanquished Creatures
  A red devil (D)
  A warg (D)
2 creatures vanquished.

Notes
Turn   | Place    | Note
-------+----------+-------------------------------------------
     0 | D        | sircluck the Troll Berserker began the quest for the Orb.
     0 | D        | Reached XP level 1. HP: 22/22 MP: 0/0
    11 | D        | Noticed a warg
    11 | D        | Noticed a red devil
    17 | D        | Killed a red devil
    18 | D        | Reached skill level 7 in Unarmed Combat
    18 | D        | Reached XP level 2. HP: 13/36 MP: 1/1
    18 | D        | Reached XP level 3. HP: 16/44 MP: 2/2
    18 | D        | Reached XP level 4. HP: 19/52 MP: 3/3
    18 | D        | Reached XP level 5. HP: 22/59 MP: 4/4
    20 | D        | Killed a warg
    21 | D        | Reached skill level 8 in Unarmed Combat
    21 | D        | Reached XP level 6. HP: 29/71 MP: 5/5
    63 | D        | Noticed a deep troll
    89 | D        | HP: 2/71 [deep troll (11)]
    89 | D        | Slain by an iguana

Illustrated notes

Levels and vault maps discovered:
D:        pitsprint [storerooms_1, entrance_room_1, metal_vault_6, armoury_1,
          mini_pit_1, grid_room_1, main_hall_1, silver_pit, the_coven_2,
          the_vestibule_1, steel_vault_5, golden_pit, hallway_of_sentries,
          crystal_vault_1, iron_vault_1, final_vault]

Skill      XL: |  1  2  3  4  5 |
---------------+----------------+-----
Fighting       | 6 7 |  7.0
Dodging        | 6 |  6.9
Unarmed Combat | 7 8 |  8.3

Action                     |  1- 3 |  4- 6 || total
---------------------------+-------+-------++-------
  Melee: Unarmed           |     3 |    10 ||    13
         Punch             |       |     1 ||     1
 Invoke: Berserk           |     1 |       ||     1
 Armour: Animal skin       |     5 |    17 ||    22
  Dodge: Dodged            |       |    16 ||    16

Table legend: (Time is in decaauts)
 A = Elapsed time spent in this place.
 B = Non-inter-level travel time spent in this place.
 C = Inter-level travel time spent in this place.
 D = Time resting spent in this place.
 E = Time spent auto-exploring this place.
 F = Levels seen in this place.
 G = Mean time per level.
                   A        B        C        D        E       F      G
               +--------+--------+--------+--------+--------+-----+--------+
         Total |     97 |     97 |      0 |     44 |     11 |   1 |   97.0 |
       Dungeon |     97 |     97 |      0 |     44 |     11 |   1 |   97.0 |
               +--------+--------+--------+--------+--------+-----+--------+

Top non-repeatable levels by time:
       D: 97 daAuts
